AoeStats
← Shopping bag

Marketplace

505622168Analyzed
1v1 RM · 20d ago on Sep 10, 2026· 28m 16s· 2 players
Game mode
Random Map
Map size
Tiny (2 player)
Population
200
Speed
Normal
Resources
Standard
Victory
Conquest
Starting age
Dark Age
Ending age
Imperial Age
RankedLock teamsTeams togetherTeam positionsShared explorationLock speedFull tech treeHidden civsTurbo modeCheats
Victory
Defeat
🇦🇺 Magyars · Australia
886
+17
🇰🇷 Huns · South Korea
916
-17
Shopping bag
11:47 Feudal Age
10:32 Loom
12:24 Horse Collar
14:22 Wheelbarrow
14:10 Double-Bit Axe
20:00 Bloodlines
23:01 Castle Age
21:43 Scale Barding Armor
24:29 Chain Barding Armor
25:53 Hand Cart
27:21 Fletching
Legendairy311
8:14 Loom
11:03 Feudal Age
12:03 Double-Bit Axe
21:06 Castle Age
19:53 Gold Mining
19:45 Horse Collar
21:01 Bloodlines
21:47 Wheelbarrow
21:30 Fletching
21:54 Thumb Ring
25:04 Hand Cart
Connection lost

Rejoining the realm…

Still unreachable

The connection could not be restored.

Session expired

The server has moved on; the page needs a fresh start.